 Dungeon Crawl Stone Soup version 0.20-a0-522-g0b37eee (webtiles) character file.

175 nono the Ducker (level 5, -2/35 HPs)
             Began as a Halfling Monk on Jan 25, 2017.
             Killed by divine providence
             ... invoked by an orc priest
              (15 damage)
             ... on level 4 of the Dungeon.
             The game lasted 00:06:59 (2954 turns).

nono the Ducker (Halfling Monk)                     Turns: 2954, Time: 00:07:00

Health: -2/35      AC:  8    Str: 13    XL:     5   Next: 85%
Magic:  5/5        EV: 10    Int:  8    God:
Gold:   209        SH:  0    Dex: 17    Spells: 4/4 levels left

rFire    . . .     SeeInvis .   w - +0 dagger (venom)
rCold    . . .     Gourm    .   d - +0 chain mail
rNeg     . . .     Faith    .   (shield restricted)
rPois    .         Spirit   .   (no helmet)
rElec    .         Reflect  .   (no cloak)
rCorr    .         Harm     .   (no gloves)
MR       .....                  (no boots)
Stlth    ..........             (no amulet)
Regen    0.2/turn               (no ring)
                                (no ring)

@: no status effects
A: mutation resistance 1
a: no special abilities


You were on level 4 of the Dungeon.
You were not hungry.

You visited 1 branch of the dungeon, and saw 4 of its levels.

You collected 209 gold pieces.

Inventory:

Hand Weapons
 a - a +0 falchion
 w - a +0 dagger of venom (weapon)
Armour
 b - a +0 robe
 d - a +0 chain mail (worn)
 m - a +0 ring mail
Wands
 l - a wand of disintegration (3/24)
 v - a wand of digging (14/24)
Scrolls
 j - 2 scrolls of enchant armour {unknown}
 o - 2 scrolls of magic mapping {unknown}
 p - 3 scrolls of teleportation {unknown}
 q - a scroll of immolation {unknown}
 s - a scroll of noise {unknown}
 u - a scroll of remove curse
Potions
 e - 2 potions of lignification {unknown}
 g - 3 potions of heal wounds
 h - 2 potions of haste {unknown}
 k - a potion of curing {unknown}
 n - a potion of ambrosia
 t - 3 potions of magic {unknown}
Books
 r - a book of Changes

   Spells                             Type                      Level
   a - Beastly Appendage              Transmutation                1
   b - Sticks to Snakes               Transmutation                2
   c - Spider Form                    Transmutation/Poison         3
   d - Ice Form                       Ice/Transmutation            4
   e - Blade Hands                    Transmutation                5
Comestibles
 c - 5 bread rations
 f - a fruit
 i - a meat ration
 x - a chunk of flesh


   Skills:
 - Level 2.6 Fighting
 + Level 4.3 Long Blades
 * Level 2.6 Armour
 + Level 4.8 Dodging
 - Level 2.1 Stealth


You had 4 spell levels left.
You didn't know any spells.

Dungeon Overview and Level Annotations

Branches:
Dungeon (4/15)
 Temple: D:4-7

Altars:
Sif Muna


Innate Abilities, Weirdness & Mutations

You are small and have problems with some larger weapons.
You are somewhat resistant to further mutation.


Message History

You hit the ogre but do no damage.
The ogre looks even sicker.
The ogre is moderately wounded.
The ogre hits you with a giant club!
An orc wizard comes into view. It is wielding a dagger.
The orc wizard shouts!
An orc comes into view. It is wielding a club.
The orc shouts!
You hear a shout!
The orc hits you with a club.
The orc priest drinks a potion.
The orc priest flickers and vanishes!
Deactivating autopickup; reactivate with Ctrl-A.
Things that are here:
a hand axe; an orc skeleton The orc wizard gestures wildly while chanting.
The orc wizard flickers and vanishes!
There is an open door here.
Found 13 gold pieces.
The ogre looks more healthy.
You hear something invoke the aid of Beogh against you.
Beogh smites you!
You die...

§§§##. §§§§#.
§§§...#######
.§.........#
...........####
#.>..<......
#...@.......
#.......(...
##..O........ #
#.....$?.....o.
###'#####......
#o# ....# ≈##
#)## o..# #..
#[.####.#.# #.⌠
#.......#.#
#≈≈#..


You could see an ogre and an orc.

Vanquished Creatures
  A hound (D:4)
  An orc wizard (D:4)
  2 adders
  An adder zombie (D:4)
  3 oozes (D:1)
  A worm (D:2)
  A dart slug (D:3)
  5 orcs (D:4)
  10 bats
  5 giant cockroaches
  6 goblins
  4 hobgoblins
  11 jackals
  A quokka (D:3)
  3 frilled lizards
  12 kobolds
  6 rats
73 creatures vanquished.

Notes
Turn   | Place    | Note
-------+----------+-------------------------------------------
     0 | D:1      | nono the Halfling Monk began the quest for the Orb.
     0 | D:1      | Reached XP level 1. HP: 15/15 MP: 1/1
    59 | D:1      | Reached XP level 2. HP: 20/20 MP: 2/2
   477 | D:1      | Reached XP level 3. HP: 20/25 MP: 3/3
  1042 | D:2      | Reached XP level 4. HP: 22/30 MP: 4/4
  1217 | D:2      | Reached skill level 1 in Armour
  1707 | D:2      | Found a deep blue altar of Sif Muna.
  2040 | D:3      | Reached XP level 5. HP: 32/35 MP: 5/5
  2918 | D:4      | Noticed an ogre
  2954 | D:4      | Killed from afar by an orc priest

Vault maps used:
D:1:      minmay_arrival_four_houses
D:2:      hex_tiny, led_sif_pool
D:3:      hangedman_decor_growths
D:4:      fountainhead, nicolae_dithmenos_the_darkroom

Skill      XL: |  1  2  3  4  5 |
---------------+----------------+-----
Dodging        | 4 |  4.8
Armour         | 1 2 |  2.6
Long Blades    | 4 |  4.3
Fighting       | |  2.6
Stealth        | |  2.1

Action                   |  1- 3 |  4- 6 || total
-------------------------+-------+-------++-------
Melee: Falchion          |    89 |   139 ||   228
       Dagger            |       |     6 ||     6
  Use: Scroll            |       |     3 ||     3
 Stab: Sleeping          |     5 |     1 ||     6
  Eat: Chunk             |       |     7 ||     7
Armor: Ring mail         |    11 |    20 ||    31
       Robe              |     8 |       ||     8
       Chain mail        |       |    50 ||    50
Dodge: Dodged            |   104 |   115 ||   219
       Rpst.: Falchion   |    29 |    43 ||    72
